 Dungeon Crawl Stone Soup version 0.30.1-1-g62c8e00024 (webtiles) character file.

Game seed: 6063034861208319008

433 LynnLen the Sneak (level 6, -1/28 HPs)
             Began as a Spriggan Enchanter on July 14, 2023.
             Slain by a gnoll
             ... wielding a +0 flail
             ... led by a gnoll bouda
              (9 damage)
             ... on level 4 of the Dungeon.
             The game lasted 00:16:14 (5037 turns).

LynnLen the Sneak (Spriggan Enchanter)              Turns: 5037, Time: 00:16:15

Health: -1/28      AC:  2    Str:  4    XL:     6   Next: 67%
Magic:  1/13       EV: 17    Int: 23    God:
Gold:   172        SH:  0    Dex: 17    Spells: 5/13 levels left

rFire   . . .        g - +1 dagger (drain)
rCold   . . .        (no shield)
rNeg    . . .        b - +0 robe
rPois   .            (helmet restricted)
rElec   .            (no cloak)
rCorr   .            (gloves unavailable)
SInv    +            (boots unavailable)
Will    +....        (no amulet)
Stlth   ++++         l - +6 ring of intelligence
HPRegen 0.24/turn    (no ring)
MPRegen 0.13/turn

%: no passive effects
@: very quick
A: very small, no large weapons, unfitting armour, see invisible, speed 3
a: no special abilities


You were on level 4 of the Dungeon.
You visited 1 branch of the dungeon, and saw 4 of its levels.
You also visited: Sewer.

You collected 172 gold pieces.

Inventory:

Hand Weapons
 a - a +1 dagger of freezing
 g - a +1 dagger of draining (weapon)
Missiles
 y - 13 poisoned darts
Armour
 b - a +0 robe (worn)
Jewellery
 l - a +6 ring of intelligence (left hand)
 u - a ring of fire
Wands
 n - a wand of iceblast (17)
 q - a wand of polymorph (15)
Scrolls
 e - 2 scrolls of fog
 h - a scroll of teleportation
 i - a scroll of poison {unknown}
 j - 2 scrolls of noise {unknown}
 o - a scroll of fear {unknown}
 p - 3 scrolls of magic mapping
 t - a scroll of torment {unknown}
 w - a scroll of immolation
 x - a scroll of enchant armour {unknown}
 z - a scroll of vulnerability {unknown}
Potions
 c - 3 potions of invisibility
 d - 2 potions of heal wounds
 f - 3 potions of attraction
 k - a potion of magic {unknown}
 m - a potion of curing {unknown}
 r - 3 potions of degeneration {unknown}
 s - a potion of flight {unknown}
 v - a potion of lignification {unknown}
 A - a potion of mutation {unknown}


   Skills:
 + Level 3.0 Short Blades
 - Level 2.6 Dodging
 * Level 7.8 Stealth
 + Level 4.3 Spellcasting
 + Level 4.9 Hexes
 + Level 2.0 Ice Magic


You had 5 spell levels left.
You knew the following spells:

 Your Spells              Type           Power      Damage    Failure   Level
a - Ensorcelled Hibernat  Hex/Ice        40%        N/A       3%          2
b - Confusing Touch       Hex            27%        N/A       4%          3
c - Tukima's Dance        Hex            27%        N/A       4%          3

Your spell library contained the following spells:

 Spells                   Type           Power      Damage    Failure   Level
 Dazzling Flash           Conj/Hex       32%        N/A       11%         3
 Frozen Ramparts          Ice            28%        1d5       13%         3
 Ice Form                 Ice/Tmut       9%         N/A       54%         4
 Summon Ice Beast         Ice/Summ       9%         N/A       54%         4


Dungeon Overview and Level Annotations

Branches:
Dungeon (4/15)              Sewer (visited)
 Temple: D:4-7

Altars:
Okawaru
Zin


Innate Abilities, Weirdness & Mutations

You are very small and have problems with some larger weapons.
You are too small for most types of armour.
You have supernaturally acute eyesight. (SInv)
You cover ground extremely quickly. (Speed+++)


Message History

Aim: a gnoll, wielding a +0 whip (chance to affect: 67%)
The gnoll struggles to resist.
Unknown command.
Aiming: Tukima's Dance (dangerous; 4% risk of failure)
Press: ? - help, Q - select action, (/) - cycle Shift-Dir - straight line, f/p - gnoll
Aim: a gnoll, wielding a +0 whip (chance to affect: 67%)
The gnoll struggles to resist.
Unknown command.
Aiming: Tukima's Dance (dangerous; 4% risk of failure)
Press: ? - help, Q - select action, (/) - cycle Shift-Dir - straight line, f/p - gnoll
Aim: a gnoll, wielding a +0 whip (chance to affect: 67%)
The gnoll struggles to resist.
Unknown command.
You don't have enough magic to cast this spell.
You don't have enough magic to cast this spell.
You closely miss the gnoll. The gnoll closely misses you.
You hit the gnoll but do no damage. You drain the gnoll.
The gnoll is moderately wounded.
You hit the gnoll. You drain the gnoll.
The gnoll is almost dead.
The gnoll hits you with a +0 whip.
You hit the gnoll but do no damage. You drain the gnoll.
You kill the gnoll!
You closely miss the gnoll. The gnoll hits you with a +0 flail.
You hit the gnoll.
The gnoll is lightly wounded.
The gnoll closely misses you.
You hit the gnoll but do no damage.
The gnoll is lightly wounded.
The gnoll hits you with a +0 flail.
You hit the gnoll.
The gnoll is moderately wounded.
You closely miss the gnoll.
The gnoll is moderately wounded.
The gnoll hits you with a +0 flail.
* * * LOW HITPOINT WARNING * * *
You completely miss the gnoll.
The gnoll is moderately wounded.
The gnoll hits you with a +0 flail!
You die...

###### #####....## #..........
#.#.#.#.#.# #.........#
########## #.#.#.#.###
#........## #.......###
###.........###########.#.#.#..##
................@g..............[
..##.###....#############).#+#...
...#.##...### #......##
...#.##.### #......#. ...#.##.
########### ##......#. ...#.#..
.g....g)..###......... ...#.#.#
....g...gg.........### ...#...
.........)g..(........ ...#
g.g......K.)..~~~.....###


You could see a gnoll.

Vanquished Creatures
  An orc priest (D:4)
  2 hounds
  Jessica (D:3)
  A sleepcap (D:4)
  Ijyb (D:3)
  Terence (D:3)
  An orc wizard (D:4)
  A gnoll (D:4)
  4 adders
  A river rat (D:4)
  A shadow imp (D:4)
  An ufetubus (D:4)
  3 worms
  A dart slug (D:1)
  12 orcs
  9 endoplasms
  4 giant cockroaches
  7 goblins
  7 hobgoblins
  9 jackals
  5 quokkas
  6 ball pythons
  5 bats
  A frilled lizard (D:2)
  23 kobolds
  11 rats
119 creatures vanquished.

Vanquished Creatures (collateral kills)
  A gnoll (D:4)
1 creature vanquished.

Vanquished Creatures (others)
  3 dancing weapons (D:4)
3 creatures vanquished.

Grand Total: 123 creatures vanquished

Notes
Turn   | Place    | Note
-------+----------+-------------------------------------------
     0 | D:1      | LynnLen the Spriggan Enchanter began the quest for the Orb.
     0 | D:1      | Reached XP level 1. HP: 9/9 MP: 5/5
   434 | D:1      | Reached XP level 2. HP: 13/13 MP: 6/6
   437 | D:1      | Learned a level 2 spell: Ensorcelled Hibernation
   637 | D:1      | Reached skill level 5 in Stealth
  1226 | D:1      | Reached XP level 3. HP: 16/16 MP: 8/8
  1230 | D:1      | Learned a level 3 spell: Confusing Touch
  2139 | D:3      | Found a glowing silver altar of Zin.
  2233 | D:3      | Reached XP level 4. HP: 21/21 MP: 9/9
  2290 | D:3      | Noticed Terence
  2295 | D:3      | Noticed Ijyb
  2598 | D:3      | Killed Terence
  2599 | D:3      | Reached skill level 6 in Stealth
  2599 | D:3      | Reached skill level 1 in Ice Magic
  2648 | D:3      | Noticed Jessica
  2667 | D:3      | Found an iron altar of Okawaru.
  2679 | D:3      | Learned a level 3 spell: Tukima's Dance
  2809 | D:3      | Killed Ijyb
  2935 | D:3      | Killed Jessica
  2936 | D:3      | Reached XP level 5. HP: 24/24 MP: 11/11
  3598 | D:4      | Reached skill level 7 in Stealth
  3660 | D:4      | Reached XP level 6. HP: 28/28 MP: 11/13
  4007 | D:4      | Found a glowing drain.
  4068 | Sewer    | Entered a sewer
  5037 | D:4      | Slain by a gnoll

Illustrated notes

Levels and vault maps discovered:
D:1:      kilobyte_arrival_exit_the_forest, layout_basic
D:2:      layout_rooms
D:3:      layout_basic, okawaru_ov_weapons_minmay, zin_treasury,
          hex_intersection, grunt_ministairs_8, guppyfry_early_orc_mine,
          uniq_ijyb, uniq_terence, uniq_jessica
D:4:      layout_basic, portal_sewer_entry_a, serial_glass, glass_columns_b,
          glass_columns_b, glass_columns_b, glass_columns_a, st_stairs_10

Skill      XL: |  1  2  3  4  5  6 |
---------------+-------------------+-----
Stealth        | 5 6 7 |  7.8
Spellcasting   | 3 4 |  4.3
Hexes          | 4 |  4.9
Short Blades   | 2 3 |  3.0
Ice Magic      | 1 2 |  2.0
Dodging        | |  2.6

Action                     |  1- 3 |  4- 6 || total
---------------------------+-------+-------++-------
  Melee: Dagger            |   164 |   193 ||   357
         Punch             |     6 |     1 ||     7
         Unarmed           |       |     5 ||     5
   Cast: Ensorcelled Hiber |    12 |    25 ||    37
         Confusing Touch   |       |     2 ||     2
         Tukima's Dance    |       |     6 ||     6
    Use: Scroll            |     5 |     3 ||     8
   Stab: Distracted        |     1 |       ||     1
         Sleeping          |    16 |    34 ||    50
         Confused          |       |     1 ||     1
 Armour: Robe              |    21 |    16 ||    37
  Dodge: Dodged            |   135 |   116 ||   251
